 Dungeon Crawl Stone Soup version 0.31-a0-222-gefeffbb62a (webtiles) character file.

Game seed: 13936061466839807839

184 qw the Shooter (level 5, -4/45 HPs)
             Began as a Minotaur Hexslinger on July 4, 2023.
             Slain by a gnoll
             ... wielding a +0 whip
              (7 damage)
             ... on level 4 of the Dungeon.
             The game lasted 00:00:50 (2230 turns).

qw the Shooter (Minotaur Hexslinger)                Turns: 2230, Time: 00:00:50

Health: -4/45      AC:  5    Str: 12    XL:     5   Next: 36%
Magic:  5/5        EV: 11    Int: 10    God:
Gold:   11         SH:  0    Dex: 15    Spells: 5/6 levels left

rFire   . . .        Y - +1 sling
rCold   . . .        (no shield)
rNeg    . . .        g - +0 ring mail
rPois   .            (helmet restricted)
rElec   .            (no cloak)
rCorr   .            (no gloves)
SInv    .            (no boots)
Will    .....        (no amulet)
Stlth   +            (no ring)
HPRegen 0.27/turn    (no ring)
MPRegen 0.09/turn

%: no passive effects
@: no status effects
A: horns 2, retaliatory headbutt
a: no special abilities


You were on level 4 of the Dungeon.
You visited 1 branch of the dungeon, and saw 4 of its levels.

You collected 151 gold pieces.
You spent 140 gold pieces at shops.


Innate Abilities, Weirdness & Mutations

You have a pair of horns on your head.
You reflexively headbutt those who attack you in melee.


   Skills:
 - Level 3.1 Fighting
 + Level 5.3 Ranged Weapons
 - Level 1.3 Armour
 - Level 2.1 Dodging
 - Level 1.0 Spellcasting
 - Level 2.0 Hexes


You had 5 spell levels left.
You knew the following spells:

 Your Spells              Type           Power      Damage    Failure   Level
a - Slow                  Hex            16%        N/A       32%         1

Your spell library contained the following spells:

 Spells                   Type           Power      Damage    Failure   Level
 Inner Flame              Hex/Fire       2%         N/A       83%         3
 Portal Projectile        Hex/Tloc       4%         N/A       83%         3
 Cause Fear               Hex            2%         N/A       97%         4

Inventory:

Hand Weapons
 Y - a +1 sling (weapon)
Armour
 g - a +0 ring mail (worn)
Jewellery
 h - a ring of ice
Scrolls
 b - a scroll of vulnerability {unknown}
 e - a scroll of teleportation
 i - a scroll of identify
Potions
 a - a potion of haste
 c - 3 potions of heal wounds
 d - a potion of magic {unknown}
 f - 2 potions of curing
 j - a potion of attraction {unknown}
 k - a potion of might

Dungeon Overview and Level Annotations

Branches:
Dungeon (4/15)
 Temple: D:4-7

Altars:

Shops:
D:4 =![*


Message History

You shoot a sling bullet. The sling bullet hits the gnoll.
The gnoll is lightly wounded.
You shoot a sling bullet. The sling bullet hits the gnoll.
The gnoll is moderately wounded.
The gnoll hits you with a +0 whip. The gnoll hits you with a +0 whip!
You shoot a sling bullet.
The sling bullet barely misses the gnoll.
The gnoll completely misses you. The gnoll hits you but does no damage.
You shoot a sling bullet. The sling bullet hits the gnoll.
The gnoll is heavily wounded.
The gnoll closely misses you.
The gnoll hits you from afar with a +0 spear.
The gnoll barely misses you.
You shoot a sling bullet.
The sling bullet closely misses the gnoll.
The gnoll hits you with a +0 whip. The gnoll barely misses you.
The gnoll closely misses you.
You shoot a sling bullet. The sling bullet hits the gnoll.
The gnoll is severely wounded.
The gnoll barely misses you. x2; The gnoll hits you but does no damage.
The gnoll barely misses you.
The gnoll hits you from afar with a +0 spear!
The gnoll closely misses you.
You shoot a sling bullet. The sling bullet hits the gnoll.
The gnoll is almost dead.
The gnoll hits you with a +0 whip. The gnoll misses you.
The gnoll barely misses you.
You shoot a sling bullet. The sling bullet hits the gnoll!
You kill the gnoll!
The gnoll hits you with a +0 whip. The gnoll closely misses you.
Your Fighting skill increases to level 3!
You shoot a sling bullet. The sling bullet hits the gnoll.
The gnoll is moderately wounded.
The gnoll closely misses you. The gnoll barely misses you.
You shoot a sling bullet.
The sling bullet barely misses the gnoll.
The gnoll hits you with a +0 whip.
The gnoll hits you from afar with a +0 spear!
The gnoll hits you with a +0 whip!
You die...

...#########
#.#
..........
#.#
#.########
#.# #....#
#.#
####.#####
## #.## #
#......#
#..#..#####
# #......#
#.........#
# #......#
#.7.7.7.7.#
###......#
#..#g@.#..
.........#
#.7.7)7.7..#
###......#
#..\g}.\...#
########
#.7.7.7.7..#
#..#.\.#...#
..7 7.7 7..#
#.. ... ..#
.. .## .#


You could see 2 gnolls.

Vanquished Creatures
  A scorpion (D:4)
  A jelly (D:4)
  2 adders
  A gnoll (D:4)
  A worm (D:2)
  3 dart slugs
  An orc (D:3)
  3 bats
  3 endoplasms
  A giant cockroach (D:1)
  4 hobgoblins
  7 jackals
  6 kobolds
  A quokka (D:1)
  7 ball pythons
  5 frilled lizards
  4 goblins
  10 rats
61 creatures vanquished.

Notes
Turn   | Place    | Note
-------+----------+-------------------------------------------
     0 | D:1      | qw the Minotaur Hexslinger began the quest for the Orb.
     0 | D:1      | Reached XP level 1. HP: 16/16 MP: 1/1
     0 | D:1      | 0 ||| qw: Version: 0.3-a-46-gb1f654a
     0 | D:1      | 0 ||| qw: Game counter: 872
     0 | D:1      | 0 ||| qw: Melee chars always use a shield: true
     0 | D:1      | 0 ||| qw: God list: Okawaru
     0 | D:1      | 0 ||| qw: Allow faded altars: false
     0 | D:1      | 0 ||| qw: Do Orc after clearing Dungeon:15 true
     0 | D:1      | 0 ||| qw: Do second Lair branch before Depths: true
     0 | D:1      | 0 ||| qw: Lair rune preference: random
     0 | D:1      | 0 ||| qw: Goals: Normal
     0 | D:1      | 0 ||| PLANNING D:1-11
   111 | D:1      | Reached skill level 3 in Ranged Weapons
   111 | D:1      | Reached XP level 2. HP: 23/23 MP: 2/2
   150 | D:1      | Found a faded altar of an unknown god.
   421 | D:1      | Reached XP level 3. HP: 29/29 MP: 3/3
   556 | D:1      | 556 ||| UPGRADING to +0 ring mail.
   566 | D:1      | 566 ||| DROPPING +0 robe.
   567 | D:1      | 567 ||| READING scroll labelled MILEZOA WUNOMN.
   568 | D:1      | 568 ||| READING 2 scrolls labelled ODOKKU GADICU.
   571 | D:1      | 571 ||| DRINKING 2 fizzy grey potions.
   572 | D:1      | 572 ||| DROPPING scroll of poison.
   914 | D:2      | Identified the +3 quarterstaff of the Coin {pain, Int+2}
   932 | D:2      | Reached skill level 4 in Ranged Weapons
  1066 | D:2      | Reached skill level 1 in Armour
  1664 | D:2      | 1664 ||| READING scroll labelled FELISUBAV TEINO.
  1693 | D:3      | Reached XP level 4. HP: 34/36 MP: 4/4
  1724 | D:3      | Identified the +7 quarterstaff "Xuenabucw" {heavy, rElec}
  2052 | D:3      | 2052 ||| DRINKING 2 fuming black potions.
  2053 | D:3      | 2053 ||| DRINKING 2 silvery potions.
  2054 | D:3      | 2054 ||| READING 2 scrolls of identify.
  2054 | D:3      | 2054 ||| IDENTIFYING bubbling orange potion
  2055 | D:3      | 2055 ||| DROPPING potion of brilliance.
  2103 | D:4      | Noticed a scorpion
  2112 | D:4      | Killed a scorpion
  2113 | D:4      | Reached skill level 5 in Ranged Weapons
  2113 | D:4      | Reached XP level 5. HP: 39/41 MP: 5/5
  2210 | D:4      | Found Jasayrch's Distillery.
  2213 | D:4      | Found Zallagao's General Store.
  2214 | D:4      | Found Keimenga's Antique Armour Emporium.
  2215 | D:4      | Found Der Qigh's Jewellery Emporium.
  2218 | D:4      | 2218 ||| SHOPLISTING 2 potions of haste (200 gold, have
                  | 151).
  2218 | D:4      | 2218 ||| BUYING potion of heal wounds (50 gold).
  2218 | D:4      | Bought a potion of heal wounds for 50 gold pieces
  2218 | D:4      | 2218 ||| BUYING potion of heal wounds (50 gold).
  2218 | D:4      | Bought a potion of heal wounds for 50 gold pieces
  2218 | D:4      | 2218 ||| BUYING potion of might (40 gold).
  2218 | D:4      | Bought a potion of might for 40 gold pieces
  2218 | D:4      | 2218 ||| SHOPLISTING potion of resistance (100 gold, have
                  | 11).
  2229 | D:4      | Reached skill level 3 in Fighting
  2230 | D:4      | HP: 10/45 [gnoll/+0 whip (3)]
  2230 | D:4      | HP: 3/45 [gnoll/+0 spear (7)]
  2230 | D:4      | Slain by a gnoll

Levels and vault maps discovered:
D:1:      lightli_arrival_windingriver, layout_basic,
          shapermc_ecumenical_altar_hornbeckon
D:2:      layout_basic
D:3:      layout_rooms, minmay_close_crescents
D:4:      minmay_evil_eye, layout_basic, minmay_shop_grid_forest, uniq_edmund,
          uniq_grinder, uniq_blork_the_orc

Skill      XL: |  1  2  3  4  5 |
---------------+----------------+-----
Ranged Weapons | 3 4 5 |  5.3
Fighting       | 2 3 |  3.1
Armour         | 1 |  1.3
Dodging        | |  2.1
Spellcasting   | |  1.0
Hexes          | |  2.0

Action                     |  1- 3 |  4- 6 || total
---------------------------+-------+-------++-------
   Fire: Sling             |   138 |    55 ||   193
    Use: Scroll            |     3 |     1 ||     4
         Potion            |     1 |     2 ||     3
 Armour: Robe              |     3 |       ||     3
         Ring mail         |    14 |     9 ||    23
  Dodge: Dodged            |    37 |    27 ||    64

Table legend:
 A = Non-vault XP
 B = Vault XP
 C = Vault XP percentage of total XP
 D = Non-vault monster count
 E = Vault monster count
 F = Vault count percentage of total count
                 A         B        C        D         E       F
            +---------+---------+-------+---------+---------+-------
      Total |     257 |       7 |   2.7 |      58 |       3 |   4.9
            +---------+---------+-------+---------+---------+-------
        D:1 |      41 |       0 |   0.0 |      24 |       0 |   0.0
        D:2 |      51 |       0 |   0.0 |      22 |       0 |   0.0
        D:3 |      27 |       7 |  20.6 |       9 |       3 |  25.0
        D:4 |     138 |       0 |   0.0 |       3 |       0 |   0.0
            +---------+---------+-------+---------+---------+-------
